 Dungeon Crawl Stone Soup version 0.29.1-4-g47bece8355 (webtiles) character file.

Game seed: 11075569996358481730

200133 warriortoast the Unseen (level 17, -2/99 HPs)
             Began as a Spriggan Hunter on Dec 9, 2022.
             Was the Champion of Fedhas.
             Slain by a redback (4 damage)
             ... summoned by a broodmother
             ... on level 3 of the Spider Nest.
             The game lasted 02:18:14 (46941 turns).

warriortoast the Unseen (Spriggan Hunter)          Turns: 46941, Time: 02:18:16

Health: -2/99      AC:  6    Str:  7    XL:     17   Next: 87%
Magic:  29/29      EV: 39    Int: 11    God:    Fedhas [******]
Gold:   3778       SH:  0    Dex: 33    Spells: 16/16 levels left

rFire   + . .      SeeInvis +   W - +8 hand crossbow of Siorops {penet, rC- Int+4 Dex+4}
rCold   + . .      Faith    .   (no shield)
rNeg    + . .      Spirit   .   D - +1 steam dragon scales
rPois   +          Reflect  .   K - +0 hat "Conweve" {Dex+2}
rElec   +          Harm     .   h - scarf {rC+ rF+}
rCorr   +          Rampage  .   (gloves unavailable)
Will    +++..                   (boots unavailable)
Stlth   ++++++++..              j - amulet "Qisoma Xiawu" {Acrobat rCorr}
HPRegen 0.26/turn               H - ring of Wayhoseb {rElec rC+ rN+ Int-5 Dex+2}
MPRegen 0.21/turn               e - ring of the Majestic God {rPois Will+ EV+4}

@: lethally poisoned (-2 -> -35), very quick
A: very small, no large weapons, unfitting armour, see invisible, speed 3
}: 1/15 runes: decaying
a: Renounce Religion, Wall of Briars, Grow Ballistomycete, Overgrow, Grow Oklob


You were on level 3 of the Spider Nest.
You worshipped Fedhas.
Fedhas was exalted by your worship.
You visited 6 branches of the dungeon, and saw 30 of its levels.
You also visited: Gauntlet and Volcano.

You collected 4226 gold pieces.
You spent 448 gold pieces at shops.

Inventory:

Hand Weapons
 a - a +1 shortbow
 i - a +7 arbalest of flaming
 L - a +0 quick blade of flaming
 W - the +8 hand crossbow of Siorops (weapon) {penet, rC- Int+4 Dex+4}
   (You acquired it on level 1 of the Swamp)

   Any ammunition fired by it passes through the targets it hits, potentially
   hitting all targets in its path until it reaches maximum range.
   Int:       It affects your intelligence (+4).
   Dex:       It affects your dexterity (+4).
   rC:        It makes you vulnerable to cold.
Armour
 h - a scarf of resistance (worn)
 D - +1 steam dragon scales (worn)
 K - the +0 hat "Conweve" (worn) {Dex+2}
   (You found it in a volcano)

   Dex:       It affects your dexterity (+2).
Jewellery
 b - a ring of willpower
 e - the ring of the Majestic God (right hand) {rPois Will+ EV+4}
   (You acquired it on level 7 of the Dungeon)

   [ring of evasion]

   EV:        It affects your evasion (+4).
   rPois:     It protects you from poison.
   Will:      It increases your willpower.
 j - the amulet "Qisoma Xiawu" (around neck) {Acrobat rCorr}
   (You found it in a Gauntlet)

   [amulet of the acrobat]

   It increases your evasion while moving and waiting.
   rCorr:     It protects you from acid and corrosion.
 s - a +4 ring of evasion
 x - an amulet of reflection
 H - the ring of Wayhoseb (left hand) {rElec rC+ rN+ Int-5 Dex+2}
   (You found it on level 9 of the Dungeon)

   [ring of protection from cold]

   Int:       It affects your intelligence (-5).
   Dex:       It affects your dexterity (+2).
   rC:        It protects you from cold.
   rElec:     It insulates you from electricity.
   rN:        It protects you from negative energy.
 S - a ring of wizardry
Wands
 u - a wand of flame (16)
 y - a wand of polymorph (4)
 z - a wand of paralysis (14)
 M - a wand of mindburst (13)
 Y - a wand of roots (26)
Scrolls
 c - 5 scrolls of fear
 f - 2 scrolls of summoning
 k - 21 scrolls of identify
 m - a scroll of enchant armour
 q - 7 scrolls of teleportation
 A - 3 scrolls of butterflies
 E - 3 scrolls of poison
 F - 5 scrolls of brand weapon
 I - 8 scrolls of amnesia
 Q - a scroll of silence
Potions
 d - 14 potions of curing
 g - 5 potions of flight
 l - 3 potions of invisibility
 n - 5 potions of attraction
 o - a potion of heal wounds
 p - 4 potions of cancellation
 r - 5 potions of brilliance
 t - 5 potions of resistance
 v - 2 potions of magic {unknown}
 w - a potion of ambrosia
 C - 2 potions of lignification
 J - a potion of berserk rage
 O - 4 potions of might
 R - 2 potions of haste
Miscellaneous
 N - a condenser vane
 P - a condenser vane
 T - a lightning rod (4/4)


   Skills:
 - Level 15.0 Fighting
 - Level 18.0 Ranged Weapons
 + Level 12.1 Dodging
 + Level 19.5 Stealth
 - Level 15.0 Invocations
 - Level 8.0 Evocations


You had 16 spell levels left.
You didn't know any spells.
Your spell library contained the following spells:

 Spells                   Type           Power      Damage    Failure   Level
 Magic Dart               Conj           0%         1d3       34%         1
 Blink                    Tloc           0%         N/A       47%         2
 Call Imp                 Summ           0%         N/A       47%         2
 Ensorcelled Hibernation  Hex/Ice        0%         N/A       47%         2
 Poisonous Vapours        Pois/Air       0%         N/A       47%         2
 Conjure Flame            Conj/Fire      0%         6-21      71%         3
 Dazzling Flash           Conj/Hex       0%         N/A       71%         3
 Frozen Ramparts          Ice            0%         1d1       71%         3
 Gell's Gravitas          Tloc           0%         N/A       71%         3
 Ignite Poison            Fire/Tmut/Pois 0%         N/A       71%         3
 Lesser Beckoning         Tloc           0%         N/A       71%         3
 Mephitic Cloud           Conj/Pois/Air  0%         N/A       71%         3
 Ozocubu's Armour         Ice            0%         N/A       71%         3
 Spider Form              Tmut/Pois      0%         N/A       71%         3
 Teleport Other           Tloc           0%         N/A       71%         3
 Anguish                  Hex/Necr       0%         N/A       98%         4
 Animate Dead             Necr           0%         N/A       98%         4
 Corpse Rot               Necr/Pois/Air  0%         N/A       98%         4
 Dispel Undead            Necr           0%         3d6       98%         4
 Ice Form                 Ice/Tmut       0%         N/A       98%         4
 Petrify                  Tmut/Erth      0%         N/A       98%         4
 Sticky Flame             Conj/Fire      0%         2d3       98%         4
 Summon Ice Beast         Ice/Summ       0%         N/A       98%         4
 Agony                    Necr           0%         N/A       100%        5
 Blade Hands              Tmut           0%         N/A       100%        5
 Fireball                 Conj/Fire      0%         3d3       100%        5
 Freezing Cloud           Conj/Ice/Air   0%         6-21      100%        5
 Irradiate                Conj/Tmut      0%         3d11      100%        5
 Iskenderun's Battlesphe  Conj           0%         2d6       100%        5
 Manifold Assault         Tloc           0%         N/A       100%        5
 Metabolic Englaciation   Hex/Ice        0%         N/A       100%        5
 Silence                  Hex/Air        0%         N/A       100%        5
 Summon Forest            Summ/Tloc      0%         N/A       100%        5
 Conjure Ball Lightning   Conj/Air       0%         3x3d6     100%        6
 Death Channel            Necr           0%         N/A       100%        6
 Dispersal                Tloc           0%         N/A       100%        6
 Eringya's Noxious Bog    Tmut/Pois      0%         N/A       100%        6
 Iron Shot                Conj/Erth      0%         9d1       100%        6
 Simulacrum               Ice/Necr       0%         N/A       100%        6
 Statue Form              Tmut/Erth      0%         N/A       100%        6
 Dragon Form              Tmut           0%         N/A       100%        7
 Enfeeble                 Hex            0%         N/A       100%        7
 Haunt                    Necr/Summ      0%         N/A       100%        7
 Orb of Destruction       Conj           0%         9d5       100%        7
 Spellforged Servitor     Conj/Summ      0%         N/A       100%        7
 Summon Hydra             Summ           0%         N/A       100%        7
 Infestation              Necr           0%         N/A       100%        8
 Polar Vortex             Ice            0%         N/A       100%        9


Dungeon Overview and Level Annotations

Branches:
Dungeon (15/15)            Temple (1/1) D:4            Lair (5/5) D:10
  Swamp (4/4) Lair:2       Spider (3/4) Lair:2        Slime (0/5) Lair:4
    Orc (2/2) D:10            Elf (0/3) Orc:2        Vaults (0/5) D:14
 Depths (0/4) D:15        Volcano (visited)         Gauntlet (visited)

Altars:
Ashenzari
Cheibriados
Dithmenos
Elyvilon
Fedhas
Gozag
Hepliaklqana
Kikubaaqudgha
Makhleb
Nemelex Xobeh
Okawaru
Qazlal
Ru
Sif Muna
Trog
Uskayaw
Vehumet
Wu Jian
Xom
Yredelemnul
Zin
The Shining One

Shops:
D:9 :[!   D:10 (:   D:12 [   D:15 [   Orc:2 (?=*=

Portals:
Pandemonium: Orc:2
Trove: D:11 (give +7 demon blade)

Annotations:
D:15 2 transporters, Fekhly's ghost, adept GrEE; Purphixowk's ghost, journeyman DsGl
Lair:5 2 transporters, cowcol's ghost, journeyman DrBe


Innate Abilities, Weirdness & Mutations

You are very small and have problems with some larger weapons.
You are too small for most types of armour.
You have supernaturally acute eyesight. (SInv)
You cover ground extremely quickly. (Speed+++)


Message History

The bolt pierces through the jumping spider!
The jumping spider is moderately wounded.
The broodmother misses you. The tarantella completely misses you.
The redback completely misses you. The redback bites you.
The jumping spider leaps!
The broodmother closely misses you. The redback closely misses you.
The tarantella closely misses you.
You shoot a bolt.
The bolt completely misses the broodmother.
The bolt pierces through the jumping spider!
The jumping spider is severely wounded.
The redback completely misses you. x2; The tarantella closely misses you.
The broodmother bites you.
A spider bursts forth from the wound!
The jumping spider leaps!
The redback closely misses you.
You shoot a bolt.
The bolt pierces through the broodmother!!
The broodmother is severely wounded.
The redback completely misses you. The tarantella misses you.
The redback misses you. The broodmother completely misses you.
The tarantella closely misses you. The redback completely misses you.
You shoot a bolt. The bolt barely misses the broodmother.
The redback bites you.
The broodmother summons spiders!
The tarantella completely misses you. The redback bites you.
You are poisoned.
The redback poisons you!
The jumping spider leaps!
The redback barely misses you.
The jumping spider leaps!
You shoot a bolt.
The bolt pierces through the broodmother!
The broodmother is almost dead.
You feel extremely sick.
The redback disappears in a puff of smoke!
The tarantella touches you! The broodmother misses you. The redback misses you.
The redback barely misses you. The tarantella completely misses you.
You feel extremely sick. The broodmother barely misses you.
The redback barely misses you.
The redback completely misses you. x2; The tarantella completely misses you.
The broodmother bites you!!
* * * LOW HITPOINT WARNING * * *
The redback bites you.
You die...
Fedhas appreciates your contribution to the ecosystem.

#...........#
#....^......#
#..........##
#.".......##
#........##
##......##
##......## ###
####ssss...# #^##
#...§s@##..##
...##
###....s###...#
....#####...##..#
##..##
.....##...#######
##..# ##.......##
#### ##...s.###
.......# #......#
......##


You could see a broodmother, a jumping spider (summoned), a tarantella
(summoned) and 3 redbacks.

Vanquished Creatures
  Mara (Swamp:3)
  Arachne (Spider:3)
  The ghost of Tunlugh the Earth Mage, an adept GrEE of Vehumet (Lair:4)
  Rupert (Lair:2)
  A tentacled monstrosity (Swamp:3)
  Gastronok (Lair:2)
  An azure jelly (Swamp:4)
  6 emperor scorpions
  A ghost moth (Spider:1)
  An orc warlord (Orc:2)
  3 ghouls
  2 entropy weavers
  4 eleionomae
  A red draconian (Volcano)
  2 bunyips
  3 spark wasps
  2 ettins
  The ghost of elongatedgoose the Fighter, a journeyman FoFi of Gozag (Lair:3)
  A fire dragon (Lair:5)
  3 ice dragons (Swamp:4)
  4 boulder beetles
  3 radroaches
  7 hydras
  3 jorogumos
  A death knight (D:13)
  A demonspawn (Orc:2)
  2 ghost crabs (Swamp:3)
  An ogre mage (Orc:1)
  9 two-headed ogres
  9 death yaks
  6 centaur warriors
  2 tengu warriors (D:15)
  3 alligators
  Urug (D:11)
  6 orc high priests (Orc:2)
  Sonja (Orc:1)
  2 sun moths
  2 goliath frogs
  2 pharaoh ants (Spider:2)
  3 bog bodies
  4 steelbarb worms
  A deep troll (D:15)
  4 spriggan druids
  Pikel (D:3)
  2 swamp dragons
  9 orb spiders
  3 wizards (D:15)
  A phantasmal warrior (D:14)
  A lindwurm (Lair:5)
  9 wolf spiders
  4 orc knights (Orc:2)
  A necromancer (D:14)
  5 manticores
  3 deep elf pyromancers
  7 orc sorcerers
  9 cyclopes
  3 will-o-the-wisps
  6 moths of wrath
  22 elephants
  5 black mambas
  A rust devil (Orc:2)
  A torpor snail (Spider:2)
  18 cane toads
  2 molten gargoyles (Lair:5)
  2 kobold demonologists (D:13)
  An unseen horror (D:12)
  2 gargoyles (D:11)
  Maggie (D:8)
  A yaktaur (Volcano)
  15 komodo dragons
  A rime drake (Lair:5)
  6 freezing wraiths
  5 demonic crawlers
  2 tengu conjurers (D:14)
  2 efreet
  2 red devils (Orc:2)
  A bloated husk (Swamp:1)
  9 tyrant leeches
  11 meliai
  17 hornets
  11 trolls
  Prince Ribbit (D:8)
  4 polar bears
  20 tarantellas
  5 slime creatures (D:13)
  7 dream sheep
  8 blink frogs
  18 jumping spiders
  14 spriggans
  2 shadows
  7 wyverns
  A spriggan (shapeshifter) (D:15)
  20 culicivoras
  A hog (Spider:2)
  32 yaks
  2 vampires
  4 wraiths
  10 basilisks
  3 steam dragons
  4 swamp worm simulacra (Swamp:4)
  12 vampire mosquitoes
  56 redbacks
  15 swamp worms
  4 wargs
  3 acid dragons
  7 water moccasins
  4 hell hounds (Lair:5)
  14 hydra simulacra (Swamp:4)
  28 orc warriors
  A sky beast (D:7)
  7 ogres (Orc:2)
  4 black bears
  2 wolves
  11 centaurs
  3 lemures
  10 kobold brigands
  Blork the orc (D:6)
  8 bullfrogs
  9 scorpions
  A gnoll sergeant (D:11)
  9 wights
  7 howler monkeys
  5 lava snakes (Lair:5)
  A hound (D:5)
  A gnoll bouda (D:6)
  27 orc priests
  An iguana (D:4)
  17 orc wizards
  15 adders
  13 gnolls
  2 shadow imps
  2 white imps
  4 swamp drake simulacra (Swamp:4)
  3 ufetubi
  4 worms
  A worm (shapeshifter) (D:13)
  4 dart slugs
  74 orcs
  5 ball pythons
  3 bats (D:2)
  8 endoplasms
  A giant cockroach (D:1)
  7 goblins
  9 hobgoblins
  5 jackals (D:2)
  4 quokkas
  6 frilled lizards
  40 kobolds
  5 rats
  A spectral orc (D:9)
963 creatures vanquished.

Vanquished Creatures (collateral kills)
  Jorgrun (Swamp:2)
  Nessos (D:13)
  A hydra (Swamp:2)
  A two-headed ogre (Orc:1)
  4 elephants (Lair:1)
  A cane toad (Lair:3)
  A komodo dragon (Lair:5)
  A rime drake (Lair:5)
  A hornet (Swamp:2)
  2 blink frogs (Lair:5)
  A dream sheep (Lair:4)
  3 yaks
  A ynoxinul (Orc:2)
  2 swamp worms (Swamp:2)
  An orc warrior (Orc:1)
  2 wolves (Lair:2)
  An orc priest (Orc:2)
  2 orcs
  A ballistomycete spore (Swamp:2)
28 creatures vanquished.

Vanquished Creatures (others)
  A spriggan druid (Swamp:3)
  2 bloated husks
  A spriggan (Swamp:3)
  A swamp worm (Swamp:4)
  A boggart simulacrum (D:15)
  19 foxfires
  44 fungi
  87 plants
  A withered plant (Gauntlet)
157 creatures vanquished.

Grand Total: 1148 creatures vanquished

Notes
Turn   | Place    | Note
-------+----------+-------------------------------------------
     0 | D:1      | warriortoast the Spriggan Hunter began the quest for the
                  | Orb.
     0 | D:1      | Reached XP level 1. HP: 10/10 MP: 2/2
   135 | D:1      | Reached skill level 2 in Stealth
   184 | D:1      | Reached XP level 2. HP: 15/15 MP: 3/3
   572 | D:1      | Reached XP level 3. HP: 18/18 MP: 4/4
  1132 | D:2      | Reached skill level 3 in Stealth
  1345 | D:2      | Reached XP level 4. HP: 13/23 MP: 5/5
  1526 | D:2      | Identified the +1 leather armour of the Orb {rC- Dex+8}
  2558 | D:3      | Found a faded altar of an unknown god.
  2875 | D:4      | Reached skill level 4 in Stealth
  2875 | D:4      | Reached XP level 5. HP: 20/27 MP: 6/6
  3045 | D:4      | Noticed a lemure
  3052 | D:4      | Killed a lemure
  3053 | D:4      | Noticed a lemure
  3089 | D:4      | Killed a lemure
  3497 | D:4      | Noticed Pikel
  3497 | D:4      | Noticed a lemure
  3503 | D:4      | Noticed a lemure
  3567 | D:3      | Killed a lemure
  3680 | D:3      | Killed Pikel
  3681 | D:3      | Reached skill level 5 in Ranged Weapons
  3681 | D:3      | Reached skill level 6 in Stealth
  3681 | D:3      | Reached XP level 6. HP: 28/32 MP: 7/7
  3681 | D:3      | Reached XP level 7. HP: 31/36 MP: 8/8
  3800 | D:4      | Found a staircase to the Ecumenical Temple.
  3837 | Temple   | Entered the Ecumenical Temple
  4192 | Temple   | Became a worshipper of Fedhas Madash
  4371 | D:5      | Entered Level 5 of the Dungeon
  5204 | D:5      | Reached skill level 7 in Stealth
  5675 | D:5      | Reached XP level 8. HP: 42/42 MP: 9/9
  5996 | D:6      | Reached * piety under Fedhas
  6205 | D:6      | Reached skill level 8 in Stealth
  6415 | D:6      | Noticed Blork the orc
  7098 | D:6      | Killed Blork the orc
  7571 | D:6      | Reached skill level 5 in Fighting
  7571 | D:6      | Reached skill level 9 in Stealth
  8379 | D:7      | HP: 2/43 [orc/stone (2)]
  8399 | D:7      | Reached XP level 9. HP: 4/47 MP: 10/10
  8697 | D:7      | Identified 2 scrolls of acquirement
  8697 | D:7      | Acquired the ring of the Majestic God {rPois Will+ EV+4}
  8937 | D:7      | Reached ** piety under Fedhas
  9789 | D:8      | Reached skill level 10 in Stealth
 10130 | D:8      | Paralysed by a hornet for 1 turns
 10271 | D:8      | Reached skill level 10 in Dodging
 10798 | D:8      | Noticed Maggie
 10844 | D:8      | Killed Maggie
 10929 | D:8      | Noticed Prince Ribbit
 10971 | D:8      | Killed Prince Ribbit
 11284 | D:9      | Reached XP level 10. HP: 44/51 MP: 11/11
 11347 | D:9      | Reached skill level 10 in Ranged Weapons
 11537 | D:9      | Identified the ring of Wayhoseb {rElec rC+ rN+ Int-5 Dex+2}
 11569 | D:9      | Noticed a two-headed ogre
 11597 | D:9      | Killed a two-headed ogre
 11653 | D:9      | Acquired 1196 gold pieces
 11728 | D:9      | Reached *** piety under Fedhas
 11845 | D:9      | Found Xienoluu's Distillery.
 11845 | D:9      | Found Lalo's Antique Armour Boutique.
 11846 | D:9      | Found Jiabegh's Antique Armour Boutique.
 11846 | D:9      | Found Zamysil's Book Boutique.
 11898 | D:9      | Bought a potion of brilliance for 56 gold pieces
 11898 | D:9      | Bought a potion of attraction for 42 gold pieces
 12718 | D:9      | Found a basalt altar of Yredelemnul.
 12753 | D:9      | Noticed a deep elf pyromancer
 12778 | D:9      | Killed a deep elf pyromancer
 12885 | D:9      | Noticed a boulder beetle
 12888 | D:9      | Noticed an ettin
 12888 | D:9      | a boulder beetle changed into an ettin
 13060 | D:9      | Killed an ettin
 13117 | D:9      | Reached XP level 11. HP: 44/55 MP: 12/12
 13493 | D:10     | Entered Level 10 of the Dungeon
 13770 | D:10     | Found a staircase to the Lair.
 14104 | D:10     | Found Tiekoruu's Weapon Emporium.
 14541 | D:10     | Found a staircase to the Orcish Mines.
 14586 | D:10     | Reached **** piety under Fedhas
 14908 | D:10     | Noticed a two-headed ogre
 15171 | D:10     | Killed a two-headed ogre
 15172 | D:10     | Reached skill level 15 in Ranged Weapons
 15264 | D:10     | Found Istrouhew's Self-Improvement Boutique.
 15397 | Orc:1    | Entered Level 1 of the Orcish Mines
 15397 | Orc:1    | Noticed an orc sorcerer
 15479 | D:11     | Found a gate leading to a gauntlet.
 15492 | Gauntlet | Entered a Gauntlet
 15492 | Gauntlet | Found a transporter.
 15492 | Gauntlet | Found a transporter.
 15496 | Gauntlet | Found a transporter.
 15496 | Gauntlet | Found a transporter.
 15500 | Gauntlet | Found a transporter.
 15500 | Gauntlet | Found a transporter.
 15530 | Gauntlet | Found a transporter.
 15534 | Gauntlet | Found a transporter.
 15536 | Gauntlet | Noticed a sixfirhy
 15538 | Gauntlet | Found a runed translucent door.
 15538 | Gauntlet | Found a runed translucent door.
 15541 | Gauntlet | Noticed a sixfirhy
 15542 | Gauntlet | Found a transporter.
 15542 | Gauntlet | Found the +1 cloak of Starlight {*Dazzle EV+4 Stlth--}
 15548 | Gauntlet | Noticed a sixfirhy
 15559 | Gauntlet | Found a transporter.
 15560 | Gauntlet | Found the +10 tower shield of Ignorance {rN+ Int-4}
 15562 | Gauntlet | Noticed a quicksilver ooze
 15574 | Gauntlet | Found a transporter.
 15578 | Gauntlet | Found a transporter.
 15579 | Gauntlet | Noticed a sixfirhy
 15639 | Gauntlet | Identified the amulet "Qisoma Xiawu" {Acrobat rCorr}
 15883 | Gauntlet | Identified the ring "Yviwiogg" {rElec rC+ rCorr Int-5}
 15975 | Gauntlet | Noticed a minotaur
 16125 | Lair:1   | Entered Level 1 of the Lair of Beasts
 16420 | D:11     | Reached skill level 1 in Evocations
 16813 | D:11     | Noticed Urug
 16920 | D:11     | Killed Urug
 17034 | D:11     | Reached skill level 1 in Invocations
 17071 | D:11     | Noticed a two-headed ogre
 17110 | D:11     | Killed a two-headed ogre
 17186 | D:11     | Found a portal to a secret trove of treasure.
 17652 | D:12     | Reached skill level 11 in Stealth
 17652 | D:12     | Reached XP level 12. HP: 26/60 MP: 14/14
 18993 | Lair:1   | Reached skill level 5 in Evocations
 19173 | Lair:1   | Reached skill level 12 in Stealth
 19359 | Lair:2   | Found a hole to the Spider Nest.
 19825 | Lair:2   | Noticed Gastronok
 19975 | Orc:1    | Noticed a two-headed ogre
 19994 | Orc:1    | Killed a two-headed ogre
 20316 | Orc:2    | Entered Level 2 of the Orcish Mines
 20634 | Orc:2    | Found Nilusk's Jewellery Shoppe.
 20947 | Orc:2    | Reached ***** piety under Fedhas
 21039 | Orc:2    | Found Dyciloto's General Store.
 21042 | Orc:2    | Found Naiz's Magic Scroll Boutique.
 21082 | Orc:2    | Noticed an orc warlord
 21087 | Orc:2    | Found a staircase to the Elven Halls.
 21398 | Orc:2    | Reached skill level 13 in Stealth
 21419 | Orc:2    | Killed an orc warlord
 21420 | Orc:2    | Reached skill level 5 in Invocations
 21642 | Orc:2    | Reached XP level 13. HP: 66/66 MP: 17/17
 21676 | Orc:2    | Bought a scroll of fear for 44 gold pieces
 21676 | Orc:2    | Bought a scroll of teleportation for 33 gold pieces
 21679 | Orc:2    | Bought a potion of invisibility for 104 gold pieces
 21679 | Orc:2    | Bought a potion of invisibility for 104 gold pieces
 21679 | Orc:2    | Bought a potion of heal wounds for 65 gold pieces
 22438 | Orc:2    | Reached skill level 14 in Stealth
 22825 | Orc:2    | Found Beheuq's Antique Weapon Shoppe.
 22825 | Orc:2    | Found Pietiosch's Jewellery Emporium.
 22826 | Orc:2    | Found a one-way gate leading to the halls of Pandemonium.
 23054 | Lair:2   | Killed Gastronok
 23519 | Lair:2   | Reached skill level 15 in Stealth
 24257 | Lair:2   | Reached XP level 14. HP: 74/74 MP: 20/20
 24326 | Lair:2   | Found a staircase to the Swamp.
 24631 | Lair:3   | Reached ****** piety under Fedhas
 24729 | Lair:3   | Found a transporter.
 24743 | Lair:3   | Noticed elongatedgoose's ghost (journeyman FoFi)
 24753 | Lair:3   | Found a transporter.
 25251 | Lair:4   | Found a large runed translucent door.
 25252 | Lair:4   | Found a large runed translucent door.
 25256 | Lair:4   | Noticed Tunlugh's ghost (adept GrEE)
 26378 | Lair:4   | Found a staircase to the Slime Pits.
 26856 | Lair:5   | Entered Level 5 of the Lair of Beasts
 27117 | Lair:5   | Found a dark tunnel.
 27127 | Volcano  | Entered a volcano
 27300 | Volcano  | Identified the +0 hat "Conweve" {Dex+2}
 27685 | Lair:5   | Noticed cowcol's ghost (journeyman DrBe)
 27697 | Lair:5   | Found a bloodstained altar of Trog.
 27698 | Lair:5   | Found a transporter.
 27704 | Lair:5   | Found a transporter.
 27919 | Lair:5   | Reached skill level 10 in Fighting
 27929 | Lair:5   | Reached skill level 10 in Invocations
 27959 | Lair:5   | Identified the ring of Lilacs {*Slow AC+4 Dex+6}
 28167 | Lair:5   | Reached XP level 15. HP: 80/80 MP: 23/23
 28331 | Lair:5   | Found a large runed translucent door.
 28332 | Lair:5   | Found a large runed translucent door.
 28826 | Lair:3   | Killed elongatedgoose's ghost
 28918 | Lair:4   | Killed Tunlugh's ghost
 29339 | Orc:1    | Reached skill level 16 in Stealth
 29412 | Orc:1    | Noticed Sonja
 29413 | Orc:1    | Killed Sonja
 29882 | D:12     | Found Zoj Xeah's Antique Armour Shoppe.
 29997 | D:13     | Found a broken altar of Ashenzari.
 30318 | D:13     | Noticed Nessos
 30939 | D:13     | Killed Nessos
 30940 | D:13     | Reached skill level 17 in Stealth
 31358 | D:14     | Found a sparkling altar of Nemelex Xobeh.
 32017 | D:14     | Found a gate to the Vaults.
 32459 | D:15     | Entered Level 15 of the Dungeon
 32608 | D:15     | Found Diotiv's Antique Armour Boutique.
 32714 | D:15     | Found a transporter.
 32725 | D:15     | Noticed Fekhly's ghost (adept GrEE)
 32727 | D:15     | Noticed Purphixowk's ghost (journeyman DsGl)
 32734 | D:15     | Found a transporter.
 32802 | D:15     | Found a staircase to the Depths.
 33347 | Swamp:1  | Entered Level 1 of the Swamp
 33363 | Swamp:1  | Reached skill level 18 in Stealth
 33416 | Swamp:1  | Reached XP level 16. HP: 55/88 MP: 26/26
 35780 | Swamp:2  | Noticed Jorgrun
 35956 | Swamp:1  | Acquired the +8 hand crossbow of Siorops {penet, rC- Int+4
                  | Dex+4}
 36068 | Swamp:2  | Killed Jorgrun
 37233 | Swamp:3  | Noticed Mara
 37236 | Swamp:3  | Noticed warriortoast's illusion
 37578 | Swamp:3  | Noticed a tentacled monstrosity
 37588 | Swamp:3  | Killed a tentacled monstrosity
 37767 | Swamp:3  | Noticed warriortoast's illusion
 38036 | Swamp:3  | Noticed warriortoast's illusion
 38053 | Swamp:3  | Killed Mara
 38267 | Swamp:4  | Entered Level 4 of the Swamp
 39810 | Swamp:4  | Got a decaying rune of Zot
 40368 | Spider:1 | Entered Level 1 of the Spider Nest
 40620 | Spider:1 | Noticed Rupert
 40859 | Lair:2   | Killed Rupert
 41414 | Spider:1 | Reached XP level 17. HP: 95/95 MP: 29/29
 42029 | Spider:1 | Reached skill level 15 in Invocations
 44461 | Spider:2 | Reached skill level 15 in Fighting
 45692 | Spider:3 | Noticed Arachne
 45775 | Spider:3 | Reached skill level 19 in Stealth
 45781 | Spider:3 | Killed Arachne
 46941 | Spider:3 | HP: 2/99 [broodmother (30)]
 46941 | Spider:3 | Slain by a redback

Illustrated notes

Levels and vault maps discovered:
D:1:      roderic_dead_forest, layout_loops_corners, minmay_small_reverse_x
D:2:      layout_basic
D:3:      layout_rooms, hellmonk_ecumenical_altar_inner_sanctum
D:4:      layout_loops_ring, minmay_temple_entry_ruins, uniq_pikel
D:5:      layout_basic, serial_rivers, chequers_serial_rivers_small_a,
          chequers_serial_rivers_micro_a, chequers_serial_rivers_micro_c,
          chequers_serial_rivers_micro_b
D:6:      layout_loops_ring, uniq_blork_the_orc
D:7:      layout_gridville, minmay_misc_feat_encased
D:8:      layout_layer_cave, uniq_prince_ribbit1, uniq_maggie
D:9:      layout_gridville, yredelemnul_forgotten_temple_becter,
          minmay_shop_grid_forest, minmay_fractal_squares_gapless_7
D:10:     layout_rooms, erik_lair_dragon, orc_0_dummy, serial_shops,
          nicolae_lakefront_shop, hangedman_decor_lopped, nicolae_shop_self_help
D:11:     layout_basic, gauntlet_entry_generic, nicolae_trove_entry_columns,
          billiards_dpeg, uniq_urug
D:12:     layout_gridville, serial_shops, nicolae_shop_overgrown_old_shop
D:13:     layout_cave_pools, hangedman_decor_points, chequers_hall_statues_y,
          nicolae_ashenzari_skybound, uniq_nessos
D:14:     layout_stronghold, david_vaults_4, nemelex_diamond_rough_becter
D:15:     hangedman_depths_entry_civil_slaughter, layout_irregular_city,
          nzn_ghost_randoct, nicolae_wwwww, serial_shops, shop_statue
Temple:   kilobyte_greek_temple
Lair:1:   layout_gridlike, lemuel_old_faithful, lemuel_fruit_tree
Lair:2:   minmay_lair_venomous_thicket, layout_hall_layers,
          palyth_hydra_swamp_entry, hellmonk_spider_entry_life_and_decay,
          hangedman_lair_generics_rect, uniq_gastronok
Lair:3:   layout_cave_pods, gammafunk_ghost_arena
Lair:4:   layout_layer_cave, slime_entry_1, ebering_ghost_disaster_area,
          grunt_megastairs_3
Lair:5:   cheibrodos_lair_end_hotspot, layout_regular_city,
          gammafunk_ghost_wrathful_warriors, nicolae_volcano_entry_lava_flow,
          serial_bayou_shore_b, lemuel_fruit_fields
Swamp:1:  layout_basic_swamp, serial_swamp_ruin, evilmike_swamp_ruin_house_6,
          evilmike_swamp_ruin_house_5, swamp_pool3, infiniplex_staircase_pool
Swamp:2:  layout_falls_marsh, nicolae_swamp_treefoil, uniq_jorgrun
Swamp:3:  layout_basic_swamp, hangedman_swamp_lotus, uniq_mara
Swamp:4:  swamp_icy, layout_basic_swamp, swamp_pool1,
          infiniplex_staircase_pool_2
Spider:1: layout_spider_delve, portal_ice_cave_entry_pillars_three, uniq_rupert
Spider:2: nicolae_spider_corner
Spider:3: layout_cave_pods, uniq_arachne, uniq_kirke
Orc:1:    layout_caves, uniq_sonja
Orc:2:    pf_orc_diabolical, layout_diamond_mine, serial_shops,
          nicolae_shop_hallway_plus

Skill      XL: |  1  2  3  4  5  6  7  8  9 10 11 12 13 14 15 16 17 |
---------------+----------------------------------------------------+-----
Stealth        | 2 3 4 6 7 9 10 11 13 15 18 19 | 19.5
Dodging        | 3 4 6 8 10 12 | 12.1
Fighting       | 2 3 4 5 6 8 10 11 13 15 | 15.0
Ranged Weapons | 5 6 7 9 13 15 16 18 | 18.0
Evocations     | 3 7 8 |  8.0
Invocations    | 2 5 7 10 12 14 15 | 15.0

Action                   |  1- 3 |  4- 6 |  7- 9 | 10-12 | 13-15 | 16-18 || total
-------------------------+-------+-------+-------+-------+-------+-------++-------
Melee: Hand crossbow     |       |       |       |       |       |     1 ||     1
 Fire: Shortbow          |   117 |   175 |   543 |  1097 |       |       ||  1932
       Arbalest          |       |       |       |    79 |   971 |   217 ||  1267
       Hand crossbow     |       |       |       |       |       |   743 ||   743
Invok: Wall of Briars    |       |       |       |     5 |     9 |    16 ||    30
       Overgrow          |       |       |       |     3 |     1 |     2 ||     6
Evoke: Wand              |       |       |     5 |    18 |       |       ||    23
  Use: Potion            |     1 |       |       |     6 |     2 |     8 ||    17
       Scroll            |       |       |    13 |    20 |     6 |     7 ||    46
Armor: Robe              |     8 |     4 |     8 |       |       |       ||    20
       Steam dragon scal |       |       |     9 |     9 |    11 |    17 ||    46
Dodge: Dodged            |    69 |    49 |   277 |   256 |   256 |   542 ||  1449
